 Dungeon Crawl Stone Soup version 0.29.1-12-g30fa7ad0bf (webtiles) character file.

Game seed: 1752355808737165392

69521 raph the Summoner (level 14, -1/92 HPs)
             Began as a Deep Elf Summoner on Dec 22, 2022.
             Was a High Priest of Ashenzari.
             Killed by divine providence
             ... invoked by a meliai
              (13 damage)
             ... on level 13 of the Dungeon.
             The game lasted 01:19:13 (35028 turns).

raph the Summoner (Deep Elf Summoner)              Turns: 35028, Time: 01:19:13

Health: -1/92      AC: 12    Str: 12    XL:     14   Next: 90%
Magic:  26/37      EV: 23    Int: 32    God:    Ashenzari [*****.]
Gold:   267        SH:  5    Dex: 21    Spells: 8/47 levels left

rFire   + . .      SeeInvis +   n - +8 Vampire's Tooth {vamp, Fort, Elem} (curse)
rCold   . . .      Faith    .   (no shield)
rNeg    + + .      Spirit   .   M - +1 robe of the Shackled Yoke {rF+, Range, Self} (curse)
rPois   .          Reflect  +   s - +1 helmet of Ouranomancy {Range, Self} (curse)
rElec   .          Harm     .   I - +2 cloak "I Knew You'd Do That" {Cun, Elem} (curse)
rCorr   .          Rampage  .   g - +0 pair of gloves of Supernal Gnosis {Fort, Bglg} (curse)
Will    +....      Clarity  +   O - +2 pair of boots of Ashenzari's Polytheism {Contam rN++ Str+7, Range, Bglg} (curse)
Stlth   ++++++....              z - amulet "Ruined Irritation" {Reflect SH+5, Self, Evo} (curse)
HPRegen 0.25/turn               c - ring of the Fated Loss {Int+6, Melee, Elem} (curse)
MPRegen 0.25/turn               H - ring of Ashenzari's Stickiness {Dex+6, Elem, Evo} (curse)

@: no status effects
A: no striking features
a: Renounce Religion, Shatter the Chains


You were on level 13 of the Dungeon.
You worshipped Ashenzari.
Ashenzari was extremely pleased with you.
You visited 4 branches of the dungeon, and saw 21 of its levels.

You collected 2193 gold pieces.
You spent 1926 gold pieces at shops.

Inventory:

Hand Weapons
 d - a +1 longbow of flaming
 n - the cursed +8 Vampire's Tooth (weapon) {vamp, Fort, Elem}
   (You bought it in a shop on level 1 of the Orcish Mines)

   It occasionally heals its wielder for the full amount of damage dealt when it
   wounds a living foe.
   It has a curse which improves the following skills: Fortitude: Armour and
   Shields.
   Elements:  Fire Magic, Ice Magic, Air Magic and Earth Magic.
 w - a +0 rapier of electrocution
Missiles
 x - 40 poisoned darts
Armour
 g - the cursed +0 pair of gloves of Supernal Gnosis (worn) {Fort, Bglg}
   (You found it on level 1 of the Dungeon)

   It has a curse which improves the following skills: Fortitude: Armour and
   Shields.
   Beguiling: Conjurations, Hexes and Translocations.
 s - the cursed +1 helmet of Ouranomancy (worn) {Range, Self}
   (You found it on level 2 of the Dungeon)

   It has a curse which improves the following skills: Ranged Combat: Ranged
   Weapons and Throwing.
   Introspection: Fighting and Spellcasting.
 I - the cursed +2 cloak "I Knew You'd Do That" (worn) {Cun, Elem}
   (You bought it in a shop on level 2 of the Orcish Mines)

   It has a curse which improves the following skills: Cunning: Dodging and
   Stealth.
   Elements:  Fire Magic, Ice Magic, Air Magic and Earth Magic.
 L - a +2 robe of the Archmagi
 M - the cursed +1 robe of the Shackled Yoke (worn) {rF+, Range, Self}
   (You took it off a wight on level 9 of the Dungeon)

   It has a curse which improves the following skills: Ranged Combat: Ranged
   Weapons and Throwing.
   Introspection: Fighting and Spellcasting.
 O - the cursed +2 pair of boots of Ashenzari's Polytheism (worn) {Contam rN++ Str+7, Range, Bglg}
   (You acquired it on level 9 of the Dungeon)

   Str:       It affects your strength (+7).
   rN:        It greatly protects you from negative energy.
   Contam:    It causes magical contamination when unequipped.
   It has a curse which improves the following skills: Ranged Combat: Ranged
   Weapons and Throwing.
   Beguiling: Conjurations, Hexes and Translocations.
Jewellery
 c - the cursed ring of the Fated Loss (left hand) {Int+6, Melee, Elem}
   (You found it on level 1 of the Dungeon)

   [ring of intelligence]

   Int:       It affects your intelligence (+6).
   It has a curse which improves the following skills: Melee Combat: Short
   Blades, Long Blades, Axes, Maces & Flails, Polearms, Staves and Unarmed
   Combat.
   Elements:  Fire Magic, Ice Magic, Air Magic and Earth Magic.
 k - a ring of poison resistance
 p - a ring of protection from fire
 q - a +4 ring of evasion
 z - the cursed amulet "Ruined Irritation" (around neck) {Reflect SH+5, Self, Evo}
   (You found it on level 5 of the Dungeon)

   [amulet of reflection]

   It reflects blocked missile attacks.
   SH:        It affects your SH (+5).
   It has a curse which improves the following skills: Introspection: Fighting
   and Spellcasting.
   Evocations: Evocations.
 H - the cursed ring of Ashenzari's Stickiness (right hand) {Dex+6, Elem, Evo}
   (You took it off Dowan on level 7 of the Dungeon)

   [ring of dexterity]

   Dex:       It affects your dexterity (+6).
   It has a curse which improves the following skills: Elements: Fire Magic, Ice
   Magic, Air Magic and Earth Magic.
   Evocations: Evocations.
 J - an amulet of regeneration
 N - a ring of resist corrosion
 P - an amulet of magic regeneration
 Y - a +4 ring of protection
Wands
 v - a wand of quicksilver (5)
 y - a wand of flame (44)
 A - a wand of digging (5)
 K - a wand of paralysis (12)
 T - a wand of iceblast (5)
 V - a wand of mindburst (3)
Scrolls
 e - 2 scrolls of amnesia
 r - 6 scrolls of vulnerability
 B - 8 scrolls of teleportation
 E - 6 scrolls of fog
 Q - 2 scrolls of magic mapping
 W - a scroll of enchant armour
 X - a scroll of brand weapon
 Z - 3 scrolls of enchant weapon
Potions
 a - 3 potions of brilliance
 b - 5 potions of magic
 f - 9 potions of curing
 h - a potion of berserk rage
 i - 5 potions of flight
 j - 3 potions of haste
 l - 4 potions of ambrosia
 m - 10 potions of attraction
 o - 2 potions of heal wounds
 t - a potion of resistance
 u - a potion of mutation
 C - 4 potions of lignification
 F - a potion of invisibility
 R - a potion of cancellation
 U - 4 potions of might
Miscellaneous
 D - a condenser vane


   Skills:
 + Level 8.2(12.7) Fighting
 + Level 8.8(11.1) Short Blades
 + Level 11.9(14.1) Dodging
 + Level 12.8(15.1) Stealth
 + Level 12.9(17.4) Spellcasting
 + Level 7.6(11.1) Conjurations
 - Level 6.6(10.1) Hexes
 * Level 13.1 Summonings
 + Level 3.2(6.1) Translocations
 - Level 2.0(5.8) Fire Magic
 - Level 6.1(11.4) Air Magic
 - Level 5.5(10.7) Earth Magic


You had 8 spell levels left.
You knew the following spells:

 Your Spells              Type           Power      Damage    Failure   Level
a - Summon Small Mammal   Summ           100%       N/A       0%          1
b - Call Imp              Summ           84%        N/A       0%          2
c - Call Canine Familiar  Summ           84%        N/A       1%          3
d - Summon Guardian Gole  Hex/Summ       80%        N/A       1%          3
e - Summon Lightning Spi  Summ/Air       82%        N/A       1%          4
f - Inner Flame           Hex/Fire       68%        N/A       1%          3
g - Sticky Flame          Conj/Fire      70%        2d8       1%          4
h - Blink                 Tloc           100%       N/A       1%          2
i - Animate Armour        Summ/Erth      100%       N/A       1%          4
j - Conjure Flame         Conj/Fire      70%        6-21      1%          3
k - Stone Arrow           Conj/Erth      100%       3d13      1%          3
l - Sublimation of Blood  Necr           27%        N/A       2%          2
m - Manifold Assault      Tloc           61%        N/A       3%          5

Your spell library contained the following spells:

 Spells                   Type           Power      Damage    Failure   Level
 Foxfire                  Conj/Fire      100%       2x1d9     1%          1
 Static Discharge         Conj/Air       79%        3-13/arc  1%          2
 Flame Wave               Conj/Fire      70%        2d16      1%          4
 Petrify                  Tmut/Erth      58%        N/A       1%          4
 Ozocubu's Armour         Ice            33%        N/A       3%          3
 Irradiate                Conj/Tmut      29%        3d21      4%          5
 Dispel Undead            Necr           27%        3d13      14%         4
 Maxwell's Capacitive Co  Air            39%        ∞         65%         8
 Lehudib's Crystal Spear  Conj/Erth      39%        10d10     71%         8
 Storm Form               Tmut/Air       29%        N/A       75%         7
 Ozocubu's Refrigeration  Ice            16%        4d11      100%        7


Dungeon Overview and Level Annotations

Branches:
Dungeon (13/15)            Temple (1/1) D:6            Lair (5/5) D:11
  Swamp (0/4) Lair:3        Snake (0/4) Lair:3        Slime (0/5) Lair:4
    Orc (2/2) D:11            Elf (0/3) Orc:2
 Vaults: D:13-14

Altars:
Ashenzari
Cheibriados
Dithmenos
Elyvilon
Fedhas
Gozag
Hepliaklqana
Kikubaaqudgha
Makhleb
Nemelex Xobeh
Okawaru
Qazlal
Ru
Sif Muna
Trog
Uskayaw
Vehumet
Wu Jian
Xom
Yredelemnul
Zin
The Shining One

Shops:
Orc:1 :(*   Orc:2 (=[*

Annotations:
D:9 exclusion: statue
D:10 exclusion: ice statue
Lair:3 1 runed translucent door, TrebMcFLY's ghost, journeyman DECj


Message History

Something smites you!
The meliai hits your warg but does no damage.
The meliai stings your warg.
Casting: Call Imp (safe; 0% risk of failure)
Confirm with . or Enter, or press ? or * to list all spells.
Aiming: Stone Arrow (safe; 1% risk of failure)
Press: ? - help, Shift-Dir - straight line, f - meliai
Aim: a meliai, wielding a +0 vorpal hand axe and wearing a +0 leather armour (ally target, 66% to hit)
The stone arrow hits the meliai!
The meliai is heavily wounded.
The meliai hits your warg but does no damage.
The meliai barely misses your warg.
The meliai mumbles some strange prayers to its god against you.
Something smites you!
* * * LOW HITPOINT WARNING * * *
Your warg barely misses the meliai.
Your white imp closely misses the meliai.
The meliai calls upon its god to heal the meliai.
The meliai is healed somewhat.
The meliai hits your warg with a +0 hand axe!
The meliai barely misses your warg.
Casting: Stone Arrow (safe; 1% risk of failure)
Confirm with . or Enter, or press ? or * to list all spells.
Aiming: Sticky Flame (safe; 1% risk of failure)
Press: ? - help, Shift-Dir - straight line, f/p - meliai
Aim: a meliai, wielding a +0 vorpal hand axe and wearing a +0 leather armour (moderately wounded, ally target, 100% to hit)
The sticky flame hits the meliai!
The meliai is severely wounded.
The meliai is covered in liquid flames!
The meliai burns!
Your warg bites the meliai.
The meliai calls down the wrath of its god upon you.
Something smites you!
* * * LOW HITPOINT WARNING * * *
The meliai misses you. The meliai closely misses your warg.
The meliai stings you but does no damage.
Your warg bites the meliai.
Your white imp closely misses the meliai.
The meliai invokes the aid of its god against you.
Something smites you!
You die...

* * ..........##
* ,{..........##
* ,,..........##
* ,,..........##
* , ..........#
*#######.### *
###..### *
###.#### *
###@#### *** *
**###y#### **
*** ,, **
......hy...# *
,, ,> , , +, ,
.....y.<5..# ,
,, , ,, * ,
...........# *,,
,,,, , , **
.?........!#,*,,
,, ,,,
*.>.........+,*
,, , , , , ,
.........$.#* *
** + * **
###+######## *
,*


You could see 3 meliai, a friendly warg (summoned) and a friendly white imp
(summoned).

Vanquished Creatures
  Donald (Orc:2)
  Nessos (Lair:4)
  2 boulder beetles
  A hydra (D:12)
  2 catoblepae (Lair:5)
  2 two-headed ogres
  3 death yaks (Lair:5)
  A skeletal warrior (D:12)
  A necromancer (D:12)
  2 deep elf pyromancers (D:12)
  An ugly thing (D:12)
  2 orc sorcerers
  A black mamba (Lair:4)
  6 cyclopes
  2 manticores (Lair:5)
  Maurice (Orc:2)
  A gargoyle (D:12)
  7 cane toads
  A kobold demonologist (D:12)
  2 ice devils (D:10)
  2 rime drakes
  4 unseen horrors
  2 trolls (D:12)
  2 slime creatures (D:12)
  A shadow (D:12)
  A vampire (D:12)
  2 wraiths (D:12)
  A wyvern (Lair:1)
  26 yaks
  2 basilisks
  4 vampire mosquitoes
  4 wargs
  A swamp worm (shapeshifter) (D:12)
  2 water moccasins
  2 orc warriors
  3 ogres
  3 wolves
  A phantom (D:7)
  4 centaurs
  4 bullfrogs
  3 killer bees
  3 howler monkeys
  3 electric eels (Lair:2)
  6 orc priests
  An iguana (D:6)
  11 orc wizards
  An adder (D:5)
  A shadow imp (D:7)
  An ufetubus (D:10)
  19 orcs
  3 bats (D:1)
  5 endoplasms
  4 goblins
  7 hobgoblins
  3 jackals (D:4)
  6 ball pythons
  3 frilled lizards (D:3)
  10 kobolds
  A rat (D:1)
  A butterfly (Lair:2)
203 creatures vanquished.

Vanquished Creatures (collateral kills)
  Rupert (Lair:4)
  A stone giant (Orc:2)
  2 ettins (Orc:2)
  A catoblepas (Lair:5)
  An ogre mage (D:12)
  A boulder beetle (D:12)
  3 two-headed ogres
  6 death yaks (Lair:5)
  An orc knight (Orc:1)
  A deep elf zephyrmancer (D:12)
  An ugly thing (D:12)
  2 manticores (D:12)
  2 orc sorcerers
  6 cyclopes
  6 elephants (Lair:5)
  A torpor snail (Lair:5)
  10 cane toads
  A gargoyle (D:12)
  A komodo dragon (Lair:1)
  3 rime drakes
  5 ice devils (D:10)
  3 trolls
  4 slime creatures (D:12)
  A wraith (D:10)
  28 yaks
  A wyvern (D:8)
  3 steam dragons
  3 vampire mosquitoes
  6 wargs
  2 water moccasins
  Duvessa (D:7)
  2 ice beasts
  2 ogres
  3 black bears
  9 orc warriors
  6 wolves
  A centaur (D:8)
  6 bullfrogs
  6 kobold brigands
  2 necrophages
  4 scorpions
  5 wights
  Dowan (D:7)
  9 killer bees
  7 howler monkeys
  3 jellies
  2 hounds
  9 orc priests
  3 iguanas
  13 orc wizards
  Terence (D:2)
  A gnoll (D:7)
  7 adders
  A white imp (D:6)
  4 ufetubi
  2 worms (D:2)
  A dart slug (D:2)
  32 orcs
  5 endoplasms
  4 giant cockroaches
  4 goblins
  2 hobgoblins (D:1)
  3 quokkas
  A ball python (D:3)
  3 bats
  10 frilled lizards
  26 kobolds
  3 rats
  2 butterflies (Lair:2)
313 creatures vanquished.

Vanquished Creatures (others)
  An ettin (Orc:2)
  2 hydras
  A boulder beetle (D:11)
  A death yak (Lair:5)
  A deep elf zephyrmancer (D:12)
  2 cyclopes (Orc:2)
  A gargoyle (D:10)
  A cane toad (Lair:1)
  8 yaks
  A water moccasin (D:7)
  A black bear (D:6)
  2 wights (D:7)
  A killer bee (D:8)
  2 gnolls (D:7)
  An ufetubus (D:10)
  19 fungi
  31 plants
  2 withered plants (Lair:3)
78 creatures vanquished.

Grand Total: 594 creatures vanquished

Notes
Turn   | Place    | Note
-------+----------+-------------------------------------------
     0 | D:1      | raph the Deep Elf Summoner began the quest for the Orb.
     0 | D:1      | Reached XP level 1. HP: 10/10 MP: 6/6
   463 | D:1      | Reached XP level 2. HP: 15/15 MP: 6/8
   578 | D:1      | Learned a level 2 spell: Call Imp
   651 | D:1      | Reached skill level 5 in Summonings
  1191 | D:1      | Reached XP level 3. HP: 19/19 MP: 5/9
  1195 | D:1      | Learned a level 3 spell: Call Canine Familiar
  1702 | D:2      | Noticed Terence
  1709 | D:2      | Killed Terence
  1710 | D:2      | Reached skill level 6 in Summonings
  1907 | D:2      | Reached XP level 4. HP: 12/24 MP: 4/10
  2910 | D:2      | Learned a level 3 spell: Summon Guardian Golem
  4979 | D:4      | Noticed a scorpion
  4985 | D:4      | Killed a scorpion
  4986 | D:4      | Reached skill level 7 in Summonings
  4986 | D:4      | Reached XP level 5. HP: 20/28 MP: 6/11
  5237 | D:4      | Noticed an angel
  5239 | D:4      | Found a shimmering altar of Xom.
  5240 | D:4      | Found a glowing silver altar of Zin.
  5749 | D:4      | Reached skill level 8 in Summonings
  5757 | D:4      | Reached XP level 6. HP: 24/32 MP: 9/12
  6121 | D:4      | Reached skill level 9 in Summonings
  6706 | D:5      | Entered Level 5 of the Dungeon
  6719 | D:5      | Reached XP level 7. HP: 36/36 MP: 6/13
  7030 | D:5      | Found a bloodstained altar of Trog.
  7054 | D:5      | Reached skill level 1 in Fighting
  7383 | D:5      | Found a stormy altar of Qazlal.
  7478 | D:5      | Identified the +0 leather armour "Nioxt" {Stlth+}
  8592 | D:6      | Learned a level 4 spell: Summon Lightning Spire
  8599 | D:6      | Noticed a steam dragon
  8609 | D:6      | Killed a steam dragon
  8610 | D:6      | Reached XP level 8. HP: 44/44 MP: 6/16
  8747 | D:6      | Reached skill level 1 in Air Magic
  8932 | D:6      | Reached skill level 5 in Spellcasting
  8956 | D:6      | Found a staircase to the Ecumenical Temple.
  8962 | Temple   | Entered the Ecumenical Temple
  9281 | D:6      | Found a broken altar of Ashenzari.
  9286 | D:6      | Became a worshipper of Ashenzari the Shackled
  9521 | D:7      | Reached skill level 5 in Stealth
  9860 | D:7      | Reached skill level 5 in Dodging
  9860 | D:7      | Reached skill level 10 in Summonings
  9895 | D:7      | Noticed Duvessa
  9897 | D:7      | Noticed Dowan
  9905 | D:7      | Killed Duvessa
 10150 | D:7      | Reached XP level 9. HP: 50/50 MP: 16/19
 10712 | D:7      | Killed Dowan
 11520 | D:8      | Reached skill level 1 in Hexes
 11814 | D:8      | Reached skill level 1 in Short Blades
 12090 | D:8      | Reached * piety under Ashenzari
 12859 | D:8      | Reached ** piety under Ashenzari
 13124 | D:9      | Reached XP level 10. HP: 60/60 MP: 11/25
 13288 | D:9      | Learned a level 3 spell: Inner Flame
 13380 | D:9      | Noticed a two-headed ogre
 13398 | D:9      | Killed a two-headed ogre
 14057 | D:9      | Identified a scroll of acquirement
 14082 | D:9      | Acquired the +2 pair of boots of Qeyjath {Contam rN++
                  | Str+7}
 14173 | D:9      | Reached skill level 11 in Summonings
 14173 | D:9      | Reached skill level 5 in Air Magic
 14190 | D:9      | Reached skill level 5 in Hexes
 14333 | D:9      | Reached *** piety under Ashenzari
 14395 | D:9      | Found a radiant altar of Vehumet.
 14506 | D:10     | Entered Level 10 of the Dungeon
 14582 | D:10     | Noticed an ice statue
 14659 | D:9      | Reached XP level 11. HP: 40/67 MP: 1/27
 14869 | D:10     | Reached skill level 5 in Fighting
 15454 | D:10     | Learned a level 4 spell: Sticky Flame
 15457 | D:10     | Learned a level 2 spell: Blink
 15924 | D:10     | Reached skill level 1 in Translocations
 15924 | D:10     | Reached skill level 1 in Fire Magic
 16360 | D:10     | Found an opulent altar of Gozag.
 16360 | D:10     | Found a hide-covered altar of Uskayaw.
 16367 | D:10     | Found a shimmering blue altar of Sif Muna.
 16370 | D:10     | Found a sparkling altar of Nemelex Xobeh.
 16850 | D:11     | Noticed a two-headed ogre
 16946 | D:11     | Found a staircase to the Orcish Mines.
 17062 | D:11     | Noticed an eight-headed hydra
 17084 | D:11     | Killed an eight-headed hydra
 17193 | D:11     | Found a frozen archway.
 17215 | D:11     | Killed a two-headed ogre
 17269 | D:11     | Learned a level 4 spell: Animate Armour
 17595 | D:11     | Found a staircase to the Lair.
 17627 | D:11     | Noticed a boulder beetle
 17637 | D:11     | Killed a boulder beetle
 17881 | D:11     | Reached **** piety under Ashenzari
 17922 | D:11     | Reached skill level 1 in Conjurations
 17938 | D:11     | Learned a level 3 spell: Conjure Flame
 17942 | D:11     | Learned a level 3 spell: Stone Arrow
 18074 | D:11     | Noticed a two-headed ogre
 18085 | D:11     | Killed a two-headed ogre
 18086 | D:11     | Reached skill level 5 in Short Blades
 18086 | D:11     | Reached XP level 12. HP: 76/76 MP: 26/31
 18328 | D:12     | HP: 3/76 [manticore (6)]
 18556 | Lair:1   | Entered Level 1 of the Lair of Beasts
 19250 | Lair:1   | Noticed a six-headed hydra
 19270 | Lair:1   | Killed a six-headed hydra
 19821 | Lair:1   | Reached skill level 12 in Summonings
 19835 | Lair:1   | Reached skill level 10 in Spellcasting
 20622 | Lair:1   | Reached skill level 10 in Stealth
 20889 | Lair:2   | Reached ***** piety under Ashenzari
 21420 | Lair:2   | Found a basalt altar of Yredelemnul.
 21798 | Lair:2   | Noticed a boulder beetle
 21807 | Lair:2   | Killed a boulder beetle
 22383 | Lair:3   | Found a runed translucent door.
 22422 | Lair:3   | Noticed TrebMcFLY's ghost (journeyman DECj)
 22430 | Lair:3   | Found a staircase to the Snake Pit.
 22550 | Lair:3   | Found a staircase to the Swamp.
 22958 | Lair:4   | Reached skill level 1 in Earth Magic
 23109 | Lair:4   | Found a staircase to the Slime Pits.
 23377 | Lair:4   | Noticed Rupert
 23401 | Lair:4   | Killed Rupert
 23402 | Lair:4   | Reached XP level 13. HP: 60/84 MP: 10/34
 23543 | Lair:4   | Noticed Nessos
 23551 | Lair:4   | Killed Nessos
 23787 | Lair:5   | Entered Level 5 of the Lair of Beasts
 23864 | Lair:5   | Reached skill level 10 in Dodging
 24263 | Lair:5   | Reached skill level 5 in Conjurations
 24703 | Lair:5   | Learned a level 2 spell: Sublimation of Blood
 24709 | Lair:5   | Learned a level 5 spell: Manifold Assault
 27212 | Orc:1    | Entered Level 1 of the Orcish Mines
 27212 | Orc:1    | Found Dityck's General Store.
 27869 | Orc:1    | Bought a scroll of teleportation for 42 gold pieces
 27869 | Orc:1    | Bought a potion of curing for 42 gold pieces
 27869 | Orc:1    | Bought a wand of iceblast (3) for 100 gold pieces
 27874 | Orc:1    | Found Ibounik's Antique Weapon Emporium.
 27962 | Orc:1    | Found a bloodstained altar of Trog.
 28293 | Orc:2    | Entered Level 2 of the Orcish Mines
 28293 | Orc:2    | Noticed Donald
 28297 | Orc:2    | Killed Donald
 28298 | Orc:2    | Reached XP level 14. HP: 92/92 MP: 31/36
 28320 | Orc:2    | Noticed a stone giant
 28330 | Orc:2    | Killed a stone giant
 28338 | Orc:2    | Reached skill level 5 in Earth Magic
 28512 | Orc:2    | Found a staircase to the Elven Halls.
 28527 | Orc:2    | Found Tecwof's Jewellery Boutique.
 28573 | Orc:2    | Found Dienn's Antique Weapon Shoppe.
 29053 | Orc:1    | Bought the +8 Vampire's Tooth {vamp} for 1200 gold pieces
 29053 | Orc:1    | Found the +8 Vampire's Tooth {vamp}
 29136 | Orc:2    | Noticed Maurice
 29150 | Orc:2    | Killed Maurice
 30175 | Orc:2    | Found Wanudyk's General Store.
 30183 | Orc:2    | Bought a scroll of fear for 44 gold pieces
 30183 | Orc:2    | Bought a potion of haste for 110 gold pieces
 30269 | Orc:2    | Found Inwuq's Antique Armour Emporium.
 30277 | Orc:2    | Bought a wizard robe for 171 gold pieces
 30277 | Orc:2    | Identified the +0 robe "Ahiez" {Dex+2 Stlth+} (You bought
                  | it in a shop on level 2 of the Orcish Mines)
 30277 | Orc:2    | Bought a cloak for 135 gold pieces
 30523 | Orc:2    | Bought a scroll of enchant armour for 82 gold pieces
 30550 | Orc:1    | Found Ruetsam's Book Boutique.
 33852 | D:12     | Reached skill level 13 in Summonings
 35028 | D:13     | Killed from afar by a meliai

Illustrated notes

Levels and vault maps discovered:
D:1:      mrwooster_arrival_statue_2, layout_basic
D:2:      layout_loops_corners, serial_forest, infiniplex_forest_zigzag_2,
          infiniplex_forest_fountain, infiniplex_forest_clump_long,
          infiniplex_forest_lined_corner, infiniplex_forest_clump_tiny,
          infiniplex_forest_straight_2, infiniplex_forest_clump_large,
          infiniplex_forest_pool, minmay_tetromino_i2, uniq_terence
D:3:      layout_loops_corners, minmay_lizard_king
D:4:      layout_basic, grunt_temple_overflow_order_and_chaos_1
D:5:      layout_loops_corners, mainiacjoe_overflow_catch_the_wave
D:6:      layout_loops_corners, mainiacjoe_overflow_brackets,
          minmay_temple_entry_drinking_statues
D:7:      layout_loops_ring, minmay_misc_feat_four_crosses, uniq_duvessa
D:8:      layout_loops_corners, serial_bayou_lagoon_a, st_stairs_12,
          grunt_decor_arrowhead
D:9:      layout_irregular_city, vehumet_statue
D:10:     cheibrodos_frozen_isle, layout_rooms, grunt_temple_overflow_cloverleaf
D:11:     layout_roguey, lair_entry_dummy, minmay_orc_entry_guard_dogs,
          portal_ice_cave_entry_pillars_2
D:12:     minmay_the_grid_3x3 [minmay_the_grid_plusring, minmay_the_grid_expand,
          minmay_the_grid_zigzag_pyramid, minmay_the_grid_minigrid_small,
          minmay_the_grid_tri_star, minmay_the_grid_diamond_grid,
          minmay_the_grid_outer_circle, minmay_the_grid_mess,
          minmay_the_grid_prize_big_room], layout_cave_pods
D:13:     layout_roguey, uniq_snorg
Temple:   nicolae_temple_no_exploring_needed
Lair:1:   layout_roguey, beast_lair_carwin_1, grunt_megastairs_1,
          serial_bayou_shore_b
Lair:2:   layout_loops_ring, basic_altar, lemuel_fruit_fields,
          infiniplex_staircase_pool_2, serial_bayou_shore_a
Lair:3:   layout_hall_layers, swamp_mist_pool, guppyfry_snake_entry_island,
          gammafunk_ghost_grave
Lair:4:   layout_loops_ring, slime_entry_1, uniq_rupert, uniq_nessos
Lair:5:   evilmike_catoblepas_cave, layout_regular_city
Orc:1:    layout_caves, serial_shops, nicolae_shop_statue_plus, shop, shop,
          david_defended_altar_orc
Orc:2:    grunt_orc_gardens, layout_caves, grunt_orc_garden, grunt_orc_garden,
          grunt_orc_garden, grunt_orc_garden, mines5_lemuel, uniq_maurice,
          uniq_donald

Skill      XL: |  1  2  3  4  5  6  7  8  9 10 11 12 13 14 |
---------------+-------------------------------------------+-----
Summonings     | 5 6 7 8 9 10 11 12 13 | 13.1
Fighting       | 2 3 4 5 6 7 8 |  8.2
Dodging        | 4 5 6 7 8 9 11 | 11.9
Stealth        | 4 5 6 8 9 10 11 12 | 12.8
Spellcasting   | 4 5 7 8 9 10 12 | 12.9
Air Magic      | 2 4 5 6 |  6.1
Hexes          | 3 5 6 |  6.6
Short Blades   | 2 3 5 6 7 8 |  8.8
Translocations | 2 3 |  3.2
Fire Magic     | 2 |  2.0
Conjurations   | 1 4 6 7 |  7.6
Earth Magic    | 2 4 5 |  5.5

Action                   |  1- 3 |  4- 6 |  7- 9 | 10-12 | 13-15 || total
-------------------------+-------+-------+-------+-------+-------++-------
Melee: Dagger            |    73 |   109 |    16 |       |       ||   198
       Unarmed           |     3 |       |       |       |       ||     3
       Punch             |     1 |     2 |     1 |     2 |     8 ||    14
       Rapier            |       |       |    26 |   186 |   184 ||   396
       Quick blade       |       |       |       |       |   151 ||   151
 Cast: Summon Small Mamm |    22 |    16 |    18 |    11 |    15 ||    82
       Call Imp          |    11 |    15 |    25 |    41 |    48 ||   140
       Call Canine Famil |     5 |    16 |    26 |    44 |    50 ||   141
       Summon Guardian G |       |     2 |    19 |    30 |    32 ||    83
       Summon Lightning  |       |       |     4 |    38 |    42 ||    84
       Inner Flame       |       |       |       |    45 |    23 ||    68
       Stone Arrow       |       |       |       |    14 |    48 ||    62
       Animate Armour    |       |       |       |     9 |    25 ||    34
       Sticky Flame      |       |       |       |     6 |    53 ||    59
       Conjure Flame     |       |       |       |     2 |     1 ||     3
       Manifold Assault  |       |       |       |       |    72 ||    72
       Blink             |       |       |       |       |    27 ||    27
       Sublimation of Bl |       |       |       |       |     1 ||     1
Invok: Curse Item        |       |       |     3 |     5 |     2 ||    10
       Shatter the Chain |       |       |       |       |     1 ||     1
Evoke: Wand              |       |       |       |     3 |     1 ||     4
  Use: Scroll            |       |    11 |     6 |     2 |     3 ||    22
       Potion            |       |       |       |     4 |     5 ||     9
 Stab: Sleeping          |     4 |    11 |     4 |    14 |     5 ||    38
       Distracted        |       |       |       |     1 |     5 ||     6
Armor: Robe              |    22 |    32 |    12 |    40 |    59 ||   165
Dodge: Dodged            |    66 |    60 |    55 |   157 |   279 ||   617
Block: Other             |       |       |    14 |    44 |    76 ||   134
       Reflection        |       |       |     6 |     4 |     4 ||    14
